 Dungeon Crawl Stone Soup version 0.23.0-28-g6fe0f4d (webtiles) character file.

Game seed: 9379634347253608843

8583 Lanoc the Cleaver (level 11, -7/97 HPs)
             Began as a Green Draconian Gladiator on Feb 25, 2019.
             Was a High Priest of Uskayaw.
             Mangled by a basilisk (9 damage)
             ... while petrified by a basilisk
             ... on level 10 of the Dungeon.
             The game lasted 00:18:52 (6469 turns).

Lanoc the Cleaver (Green Draconian Gladiator)       Turns: 6469, Time: 00:18:52

Health: -7/97      AC: 11    Str: 23    XL:     11   Next: 11%
Magic:  25/25      EV:  2    Int:  9    God:    Uskayaw [*****.]
Gold:   460        SH:  0    Dex: 14    Spells: 10/10 levels left

rFire    . . .     SeeInvis .   g - +2 hand axe (flame)
rCold    . . .     Gourm    .   (no shield)
rNeg     + + +     Faith    .   (armour unavailable)
rPois    ∞         Spirit   .   s - +2 hat
rElec    .         Reflect  .   N - +1 cloak
rCorr    .         Harm     .   (no gloves)
MR       .....                  (no boots)
Stlth    +.........             t - amulet of regeneration
HPRegen  0.66/turn              f - ring of magical power
MPRegen  0.19/turn              (no ring)

@: mighty, petrified
A: breathe noxious fumes, unfitting armour, poison resistance, cold-blooded, AC
+7
a: Breathe Noxious Fumes, Stomp, Line Pass, Grand Finale, Renounce Religion


You were on level 10 of the Dungeon.
You worshipped Uskayaw.
Uskayaw was noncommittal.
You were not hungry.

You visited 2 branches of the dungeon, and saw 11 of its levels.

You collected 460 gold pieces.

Inventory:

Hand Weapons
 g - a +2 hand axe of flaming (weapon)
 H - a cursed +5 hand axe
 M - a cursed +4 battleaxe
Missiles
 b - 31 bolts
 c - a throwing net (quivered)
 o - 156 arrows
Armour
 s - a +2 hat (worn)
 N - a +1 cloak (worn)
Jewellery
 f - a ring of magical power (left hand)
 t - an amulet of regeneration (around neck)
Wands
 D - a wand of random effects (28)
 F - a wand of scattershot (3)
 O - a wand of polymorph (7)
Scrolls
 e - 6 scrolls of teleportation
 l - 2 scrolls of enchant armour
 p - 2 scrolls of fog {unknown}
 u - 2 scrolls of blinking
 v - 2 scrolls of magic mapping {unknown}
 w - 2 scrolls of immolation {unknown}
 x - a scroll of enchant weapon {unknown}
 y - 2 scrolls of remove curse {unknown}
 z - 3 scrolls of fear {unknown}
 B - 2 scrolls of amnesia {unknown}
 E - a scroll of random uselessness {unknown}
Potions
 h - 3 potions of haste
 i - 6 potions of curing
 j - a potion of brilliance
 k - 3 potions of degeneration
 n - a potion of berserk rage
 q - 3 potions of agility
 r - 3 potions of flight
 A - 2 potions of ambrosia
 C - a potion of invisibility
 I - a potion of cancellation {unknown}
 J - a potion of lignification {unknown}
Comestibles
 d - 14 rations


   Skills:
 + Level 9.1 Fighting
 * Level 11.6 Axes
 - Level 2.0 Throwing
 + Level 7.8 Dodging
 + Level 7.2 Invocations


You had 10 spell levels left.
You didn't know any spells.
Your spell library was empty.

Dungeon Overview and Level Annotations

Branches:
Dungeon (10/15)            Temple (1/1) D:5             Orc (0/2) D:9
   Lair: D:8-11

Altars:
Cheibriados
Dithmenos
Elyvilon
Kikubaaqudgha
Makhleb
Okawaru
Ru
Trog
Uskayaw
Xom
Yredelemnul
Zin

Annotations:
D:3 2 transporters, EtherCrawl's ghost, amateur SpTm


Innate Abilities, Weirdness & Mutations

You can breathe blasts of noxious fumes.
Your lurid green scales are hard. (AC +7)
You cannot fit into any form of body armour.
Your system is resistant to poisons. (rPois)
You are cold-blooded and may be slowed by cold attacks.


Message History

The basilisk bites you!
* * * LOW HITPOINT WARNING * * *
A wight comes into view. It is wielding a +0 halberd.
The centaur warrior zombie hits you but does no damage.
The wolf howls!
The crocodile bites you!
* * * LOW HITPOINT WARNING * * *
The basilisk bites you.
* * * LOW HITPOINT WARNING * * *
The centaur warrior zombie barely misses you.
The centaur warrior zombie hits you.
* * * LOW HITPOINT WARNING * * *
The crocodile bites you!
* * * LOW HITPOINT WARNING * * *
The basilisk bites you. The centaur warrior zombie hits you.
* * * LOW HITPOINT WARNING * * *
The crocodile bites you but does no damage.
The basilisk bites you!!
You die...

#.............
#.............
#...........#
#...........#
#..)........# .#
#....=......#
...##..†........#
.............#...#
....##.zZ@...#...#
##. #.htlT..# ....
# #.......# #.
#.......#
#.z.....#
#.......#
........#
.........#
..........#


You could see a troll, a basilisk, a crocodile, a wolf, 2 wights and a centaur
warrior zombie.

Vanquished Creatures
  2 two-headed ogres
  Erica (D:8)
  An unseen horror (D:10)
  Maurice (D:8)
  2 trolls (D:9)
  A hippogriff (D:7)
  3 yaks (D:8)
  A basilisk (D:10)
  Grum (D:8)
  2 porcupines (D:10)
  2 phantoms
  2 black bears (D:6)
  3 ice beasts
  An orc warrior (D:6)
  An eye of draining (D:9)
  A necrophage (D:6)
  5 wolves
  3 centaurs
  3 ogres
  A crocodile (D:8)
  2 bullfrogs
  A wyvern zombie (D:8)
  3 scorpions
  2 howler monkeys
  11 wights
  6 crimson imps
  7 hounds
  A quasit (D:7)
  4 orc priests
  A jelly (D:9)
  9 orc wizards
  Jessica (D:2)
  3 bullfrog skeletons
  7 worker ants
  2 iguanas
  A killer bee zombie (D:9)
  A hound zombie (D:7)
  2 hound skeletons
  4 worker ant zombies
  10 gnolls
  6 adders
  5 shadow imps
  An adder zombie (D:7)
  An adder skeleton (D:6)
  A worm (D:2)
  5 leopard geckos
  38 orcs
  6 giant cockroaches
  2 gnoll zombies (D:7)
  6 goblins
  6 hobgoblins
  10 jackals
  2 quokkas
  2 ball pythons
  7 bats
  7 frilled lizards
  2 kobolds
  A leopard gecko zombie (D:8)
  A quokka skeleton (D:8)
  11 rats
235 creatures vanquished.

Vanquished Creatures (others)
  An ogre (D:8)
  A fungus (D:10)
  A plant (D:10)
3 creatures vanquished.

Grand Total: 238 creatures vanquished

Notes
Turn   | Place    | Note
-------+----------+-------------------------------------------
     0 | D:1      | Lanoc the Draconian Gladiator began the quest for the Orb.
     0 | D:1      | Reached XP level 1. HP: 17/17 MP: 1/1
    65 | D:1      | Reached XP level 2. HP: 13/25 MP: 2/2
   723 | D:1      | Reached XP level 3. HP: 30/30 MP: 3/3
   978 | D:2      | Noticed Jessica
   989 | D:2      | Killed Jessica
   989 | D:2      | Reached skill level 4 in Axes
   989 | D:2      | Reached XP level 4. HP: 17/38 MP: 4/4
  1237 | D:2      | Found a white marble altar of Elyvilon.
  1475 | D:3      | Found a transporter.
  1483 | D:3      | Found a bloodstained altar of Trog.
  1483 | D:3      | Found an ancient bone altar of Kikubaaqudgha.
  1494 | D:3      | Noticed EtherCrawl's ghost (amateur SpTm)
  1516 | D:3      | Found a transporter.
  2099 | D:4      | Reached XP level 5. HP: 40/45 MP: 5/5
  2127 | D:4      | Reached skill level 5 in Axes
  2137 | D:4      | Reached XP level 6. HP: 52/52 MP: 6/6
  2483 | D:5      | Entered Level 5 of the Dungeon
  2884 | D:5      | Found a staircase to the Ecumenical Temple.
  2893 | Temple   | Entered the Ecumenical Temple
  2903 | Temple   | Became a worshipper of Uskayaw the Reveler
  3150 | D:6      | Reached * piety under Uskayaw
  3153 | D:6      | Reached skill level 6 in Axes
  3153 | D:6      | Your scales start taking on a lurid green colour.
  3153 | D:6      | Reached XP level 7. HP: 52/60 MP: 7/7
  3153 | D:6      | Gained mutation: Your system is resistant to poisons.
                  | (rPois) [Green Draconian growth]
  3154 | D:6      | Reached ** piety under Uskayaw
  3159 | D:6      | Reached *** piety under Uskayaw
  3164 | D:6      | Reached **** piety under Uskayaw
  3167 | D:6      | Reached ***** piety under Uskayaw
  3232 | D:6      | Reached skill level 5 in Fighting
  3344 | D:6      | Reached skill level 7 in Axes
  3378 | D:6      | Reached skill level 1 in Invocations
  3378 | D:6      | Reached XP level 8. HP: 57/68 MP: 8/8
  3488 | D:6      | Reached skill level 5 in Dodging
  4003 | D:7      | Reached skill level 8 in Axes
  4020 | D:7      | Reached ****** piety under Uskayaw
  4044 | D:7      | Noticed a hippogriff
  4061 | D:7      | Killed a hippogriff
  4089 | D:7      | Reached XP level 9. HP: 49/77 MP: 11/11
  4342 | D:7      | Found a basalt altar of Yredelemnul.
  4440 | D:8      | Noticed Grum
  4450 | D:8      | Killed Grum
  4450 | D:8      | Reached skill level 9 in Axes
  4516 | D:8      | Noticed Erica
  4531 | D:8      | Killed Erica
  4531 | D:8      | Reached skill level 5 in Invocations
  4743 | D:8      | Found a shadowy altar of Dithmenos.
  4910 | D:8      | Reached skill level 10 in Axes
  4913 | D:8      | Reached XP level 10. HP: 69/87 MP: 14/14
  5157 | D:8      | Noticed Maurice
  5169 | D:8      | Killed Maurice
  5318 | D:8      | Noticed a two-headed ogre
  5330 | D:8      | Killed a two-headed ogre
  5697 | D:9      | Found a staircase to the Orcish Mines.
  5825 | D:9      | Found an iron altar of Okawaru.
  5918 | D:9      | Noticed a two-headed ogre
  5928 | D:9      | Killed a two-headed ogre
  5928 | D:9      | Reached skill level 11 in Axes
  6279 | D:10     | Entered Level 10 of the Dungeon
  6361 | D:10     | Killed an unseen horror
  6361 | D:10     | Reached XP level 11. HP: 38/95 MP: 16/16
  6468 | D:10     | HP: 3/97 [crocodile (6)]
  6469 | D:10     | Mangled by a basilisk

Skill      XL: |  1  2  3  4  5  6  7  8  9 10 11 |
---------------+----------------------------------+-----
Dodging        | 3 4 5 6 7 |  7.8
Throwing       | 2 |  2.0
Fighting       | 3 4 5 6 7 8 9 |  9.1
Axes           | 4 5 6 7 8 10 11 | 11.6
Invocations    | 1 3 5 7 |  7.2

Action                   |  1- 3 |  4- 6 |  7- 9 | 10-12 || total
-------------------------+-------+-------+-------+-------++-------
Melee: War axe           |     7 |       |       |       ||     7
       Tailslap          |     9 |    22 |    48 |    35 ||   114
       Hand axe          |    57 |   187 |   284 |   255 ||   783
Throw: Throwing net      |       |       |       |     4 ||     4
 Abil: Breathe Noxious F |       |       |     4 |     5 ||     9
  Use: Potion            |       |       |       |     3 ||     3
       Scroll            |       |       |       |    13 ||    13
 Stab: Sleeping          |     1 |       |       |     1 ||     2
       Distracted        |       |     1 |       |       ||     1
       Confused          |       |       |     3 |     2 ||     5
       Paralysed         |       |       |    25 |    33 ||    58
  Eat: Chunk             |       |     7 |     7 |     5 ||    19
       Ration            |       |       |       |     1 ||     1
Armor: Skin              |    17 |    62 |    88 |    79 ||   246
Dodge: Dodged            |    40 |   131 |   198 |   179 ||   548
